 Dungeon Crawl Stone Soup version 0.30.0-15-g856e2d3f33 (webtiles) character file.

Game seed: 3207547397761576419

521 Twinkles the Trooper (level 7, -13/53 HPs)
             Began as a Djinni Hexslinger on May 19, 2023.
             Shot with a bolt by an orc warrior (19 damage)
             ... on level 4 of the Dungeon.
             The game lasted 00:10:48 (3620 turns).

Twinkles the Trooper (Djinni Hexslinger)            Turns: 3620, Time: 00:10:49

Health: -13/53     AC:  6    Str:  9    XL:     7   Next: 46%
Gold:   223        EV: 11    Int: 16    God:
                   SH:  0    Dex: 14

rFire   + + .        a - +3 dagger (venom)
rCold   x . .        (no shield)
rNeg    . . .        g - +0 ring mail
rPois   ∞            t - +0 helmet
rElec   .            (no cloak)
rCorr   .            (no gloves)
SInv    .            (boots unavailable)
Will    .....        (no amulet)
Stlth   +            (no ring)
HPRegen 0.28/turn    (no ring)
MPRegen 0.00/turn

%: infuse magic (-14 HP)
@: flying
A: sickness immunity, fire resistance 2, cold vulnerability 1, float, innate
caster, HP casting, extra vitality 1
a: no special abilities


You were on level 4 of the Dungeon.
You visited 1 branch of the dungeon, and saw 4 of its levels.

You collected 223 gold pieces.

Inventory:

Hand Weapons
 a - a +3 dagger of venom (weapon)
 b - a +1 short sword of electrocution
 c - a +1 sling
 w - a +0 scimitar
Armour
 g - a +0 ring mail (worn)
 l - a +0 robe
 t - a +0 helmet (worn)
 u - a +0 leather armour
Scrolls
 d - 2 scrolls of poison
 e - a scroll of teleportation {unknown}
 h - 7 scrolls of identify {unknown}
 j - 3 scrolls of noise {unknown}
 k - 3 scrolls of vulnerability {unknown}
 m - a scroll of enchant weapon {unknown}
 o - 2 scrolls of fog {unknown}
 p - 2 scrolls of fear {unknown}
 q - a scroll of magic mapping {unknown}
Potions
 f - a potion of might {unknown}
 i - a potion of degeneration {unknown}
 n - 3 potions of curing {unknown}
 r - a potion of magic {unknown}
 s - a potion of lignification {unknown}
 v - a potion of heal wounds {unknown}
 x - a potion of mutation {unknown}
 z - a potion of attraction {unknown}


   Skills:
 * Level 4.6 Fighting
 - Level 1.5 Ranged Weapons
 + Level 4.1 Dodging
 * Level 4.3 Spellcasting


You knew the following spells:

 Your Spells              Type           Power      Damage    Failure   Level
a - Slow                  Hex            68%        N/A       8%          1
b - Inner Flame           Hex/Fire       17%        N/A       24%         3
c - Portal Projectile     Hex/Tloc       34%        N/A       24%         3
d - Cause Fear            Hex            8%         N/A       61%         4
e - Foxfire               Conj/Fire      68%        2x1d7     8%          1
f - Searing Ray           Conj           34%        2d5       12%         2
g - Hailstorm             Conj/Ice       17%        3d6       24%         3
Your spell library was empty.

Dungeon Overview and Level Annotations

Branches:
Dungeon (4/15) Zot: 20307
 Temple: D:4-7

Altars:
Trog
Uskayaw


Innate Abilities, Weirdness & Mutations

You are immune to sickness and miasma.
You are immune to poison.
Your flesh is very heat resistant. (rF++)
You are vulnerable to cold. (rC-)
You float through the air rather than walking.
You learn spells naturally, not from books.
Your magical power is your life essence.
You have superior vitality. (+4 MHP)


Message History

You fly upwards.
Your magical contamination has completely faded away.
There is a stone staircase leading down here.
You start resting.
HP restored.
You fly downwards.
The orc warrior shoots a bolt.
The bolt hits you but does no damage.
There is a stone staircase leading up here.
Casting: Searing Ray (safe; 12% risk of failure)
Confirm with . or Enter, or press ? or * to list all spells.
Aiming: Searing Ray (safe; 12% risk of failure)
Press: ? - help, Shift-Dir - straight line, f - orc warrior
Aim: an orc warrior, wielding a +0 arbalest, wearing a +0 chain mail and quivering stones (75% to hit)
The searing ray hits the orc warrior.
The orc warrior is lightly wounded. (Press . to maintain the ray.)
The orc warrior shoots a bolt.
The bolt barely misses you.
The searing ray hits the orc warrior!
The orc warrior is moderately wounded.
The orc warrior shoots a bolt.
The bolt closely misses you.
The searing ray hits the orc warrior.
The orc warrior is heavily wounded.
The orc warrior shoots a bolt.
The bolt hits you!
The searing ray hits the orc warrior!
The orc warrior is severely wounded.
You finish channelling your searing ray.
The orc warrior shoots a bolt.
The bolt hits you!
You hear a shout!
Casting: Searing Ray (safe; 12% risk of failure)
Confirm with . or Enter, or press ? or * to list all spells.
Aiming: Searing Ray (safe; 12% risk of failure)
Press: ? - help, Shift-Dir - straight line, f/p - orc warrior
Aim: an orc warrior, wielding a +0 arbalest, wearing a +0 chain mail and quivering stones (severely wounded, 75% to hit)
The searing ray hits the orc warrior.
The orc warrior is almost dead. (Press . to maintain the ray.)
The orc warrior shoots a bolt.
The bolt hits you!
* * * LOW HITPOINT WARNING * * *
The orc warrior shoots a bolt.
The bolt hits you!!
You die...

..###.....##.. #o#
##....##.. ### #)#
###..###. ####.###o#
#.## ##.....##o#
..........#
#####...### #..).#
..# #.@.## #..# #...#
#...## ##...#
##.....# ####....#
#.)....##
........####.......##
#######.............#
####..........##
##..........#
#...........#


You could see an orc warrior and an orc.

Vanquished Creatures
  A howler monkey (D:4)
  A hound (D:4)
  2 orc priests
  Jessica (D:2)
  A gnoll bouda (D:4)
  2 iguanas (D:4)
  An orc wizard (D:4)
  A sleepcap (D:4)
  Robin (D:3)
  5 gnolls (D:4)
  6 adders
  3 worms
  2 dart slugs
  12 orcs
  7 endoplasms
  4 giant cockroaches
  14 goblins
  8 hobgoblins
  13 jackals (D:4)
  A quokka (D:2)
  9 ball pythons
  8 bats
  3 frilled lizards
  2 kobolds (D:1)
  4 rats
112 creatures vanquished.

Vanquished Creatures (others)
  30 foxfires
30 creatures vanquished.

Grand Total: 142 creatures vanquished

Notes
Turn   | Place    | Note
-------+----------+-------------------------------------------
     0 | D:1      | Twinkles the Djinni Hexslinger began the quest for the Orb.
     0 | D:1      | Twinkles set off with the following spells memorised: Slow,
                  | Inner Flame, Portal Projectile, Cause Fear.
     0 | D:1      | Reached XP level 1. HP: 17/17 MP: 0/0
   267 | D:1      | Reached XP level 2. HP: 21/22 MP: 0/0
   388 | D:1      | Found a faded altar of an unknown god.
   511 | D:1      | Reached XP level 3. HP: 28/28 MP: 0/0
   511 | D:1      | Learned a level 1 spell: Foxfire
   804 | D:1      | Reached XP level 4. HP: 29/33 MP: 0/0
   955 | D:2      | Noticed Jessica
   961 | D:2      | Killed Jessica
  1190 | D:2      | Reached XP level 5. HP: 31/40 MP: 0/0
  1190 | D:2      | Learned a level 2 spell: Searing Ray
  1713 | D:3      | HP: 8/40 [orc priest/divine providence (12)]
  1903 | D:3      | Found a hide-covered altar of Uskayaw.
  2013 | D:3      | Noticed Robin
  2055 | D:3      | Killed Robin
  2056 | D:3      | Reached XP level 6. HP: 33/46 MP: 0/0
  2234 | D:3      | Found a bloodstained altar of Trog.
  2693 | D:4      | HP: 10/47 [gnoll/+1 flail of protection (13)]
  2697 | D:4      | HP: 4/47 [gnoll/+1 flail of protection (6)]
  3123 | D:4      | Reached XP level 7. HP: 52/52 MP: 0/0
  3123 | D:4      | Learned a level 3 spell: Hailstorm
  3481 | D:4      | HP: 16/53 [orc warrior/bolt (6)]
  3619 | D:4      | HP: 6/53 [orc warrior/bolt (12)]
  3620 | D:4      | Shot with a bolt by an orc warrior

Illustrated notes

Levels and vault maps discovered:
D:1:      dpeg_arrival_solitude, layout_loops_ring, shapermc_ecumenical_altar_gd
D:2:      layout_loops_ring, minmay_stone_trees_small, uniq_jessica
D:3:      layout_loops_ring, mainiacjoe_overflow_tiny_flanked, bloody_trog,
          serial_glass, glass_columns_a, glass_columns_b, glass_columns_b,
          glass_columns_a, glass_columns_a, kennysheep_generic_room_10,
          uniq_robin
D:4:      lemuel_castle_with_subvaults [lemuel_castle_interior_carwin_2],
          layout_cave_pods, guppyfry_early_orc_mine

Skill      XL: |  1  2  3  4  5  6  7 |
---------------+----------------------+-----
Fighting       | 2 3 4 |  4.6
Spellcasting   | 3 4 |  4.3
Dodging        | 3 4 |  4.1
Ranged Weapons | |  1.5

Action                     |  1- 3 |  4- 6 |  7- 9 || total
---------------------------+-------+-------+-------++-------
  Melee: Scimitar          |   106 |    79 |       ||   185
         Dagger            |       |   122 |    15 ||   137
         Punch             |       |     2 |       ||     2
         Short sword       |       |    16 |       ||    16
   Fire: Sling             |    12 |       |       ||    12
   Cast: Slow              |       |     2 |       ||     2
         Foxfire           |       |    13 |     3 ||    16
         Searing Ray       |       |     2 |     6 ||     8
 Armour: Ring mail         |    77 |    75 |     6 ||   158
  Dodge: Dodged            |    94 |   126 |     9 ||   229
